 Dungeon Crawl Stone Soup version 0.28.0-62-gf88900778d (webtiles) character file.

Game seed: 5426179263001963341

3798 cbfl8 the Protected (level 9, -1/79 HPs)
             Began as a Minotaur Berserker on Oct 4, 2023.
             Was a Priest of Trog.
             Slain by a death yak (22 damage)
             ... on level 8 of the Dungeon.
             The game lasted 00:08:59 (10498 turns).

cbfl8 the Protected (Minotaur Berserker)           Turns: 10498, Time: 00:08:59

Health: -1/79      AC: 14    Str: 21    XL:     9   Next: 96%
Magic:  8/8        EV:  8    Int:  4    God:    Trog [***...]
Gold:   256        SH:  5    Dex: 15    Spells: 8/8 levels left

rFire   . . .      SeeInvis .   a - +0 hand axe
rCold   . . .      Faith    .   l - +0 buckler
rNeg    + . .      Spirit   .   m - +0 chain mail
rPois   .          Reflect  .   (helmet restricted)
rElec   .          Harm     .   (no cloak)
rCorr   .          Rampage  .   C - +0 pair of gloves
Will    +....                   c - +0 pair of boots
Stlth   ..........              (no amulet)
HPRegen 0.23/turn               o - ring of positive energy
MPRegen 0.11/turn               A - ring of willpower

@: no status effects
A: horns 2, retaliatory headbutt
a: Renounce Religion, Berserk, Trog's Hand


You were on level 8 of the Dungeon.
You worshipped Trog.
Trog was most pleased with you.
You visited 1 branch of the dungeon, and saw 8 of its levels.
You also visited: Sewer.

You collected 326 gold pieces.
You spent 70 gold pieces at shops.

Inventory:

Hand Weapons
 a - a +0 hand axe (weapon)
Armour
 c - a +0 pair of boots (worn)
 l - a +0 buckler (worn)
 m - a +0 chain mail (worn)
 C - a +0 pair of gloves (worn)
Jewellery
 o - a ring of positive energy (left hand)
 A - a ring of willpower (right hand)
Wands
 w - a wand of charming (8)
 x - a wand of iceblast (17) (quivered)
Scrolls
 e - a scroll of enchant armour
 f - 3 scrolls of teleportation
 i - 2 scrolls of silence
 j - a scroll of enchant weapon {unknown}
 n - a scroll of fear
 q - 2 scrolls of blinking
 r - 2 scrolls of summoning {unknown}
 t - 3 scrolls of torment {unknown}
 v - a scroll of holy word {unknown}
 y - 2 scrolls of amnesia {unknown}
 B - a scroll of noise {unknown}
Potions
 b - 4 potions of curing
 d - a potion of flight {unknown}
 g - a potion of lignification {unknown}
 h - 2 potions of brilliance {unknown}
 k - a potion of degeneration {unknown}
 p - 2 potions of might
 s - 3 potions of mutation {unknown}
 u - 2 potions of magic {unknown}
 z - 2 potions of invisibility {unknown}
 D - a potion of haste


   Skills:
 + Level 7.6 Fighting
 + Level 9.9 Axes
 + Level 10.0 Armour
 - Level 2.1 Dodging
 + Level 3.4 Shields
 * Level 5.6 Evocations


You had 8 spell levels left.
You didn't know any spells.
Your spell library was empty.

Dungeon Overview and Level Annotations

Branches:
Dungeon (8/15)             Temple (0/1) D:5            Lair (0/6) D:8
  Sewer (visited)

Altars:
Sif Muna
Xom

Shops:
D:4 !


Innate Abilities, Weirdness & Mutations

You have a pair of horns on your head.
You reflexively headbutt those who attack you in melee.


Message History

Trog accepts your kill.
Your Armour skill increases to level 10!
Key pressed, stopping explore.
No target in view!
You open the door.
There is an open door here.
You open the door.
There is an open door here.
Found a stone staircase leading up.
No target in view!
You now have 242 gold pieces (gained 14).
You now have 256 gold pieces (gained 14).
You open the door.
There is an open door here.
A death yak comes into view.
Found a stone staircase leading up.
The death yak bellows!
You hear a bellow! x4
The death yak moves out of view.
No target in view!
A death yak comes into view.
A death yak is nearby!
An orc priest and an orc wizard come into view.
Found a staircase to the Lair.
The orc priest shouts!
The orc wizard shouts!
You hear a shout!
You hear a bellow! x2
The orc priest mumbles some strange prayers to Beogh against you.
Beogh smites you!
An orc priest comes into view. It is wielding a +0 hand axe.
The death yak gores you!!
The orc priest mumbles some strange prayers to Beogh against you.
Beogh smites you!
The orc priest mumbles some strange prayers to Beogh against you.
Beogh smites you!
* * * LOW HITPOINT WARNING * * *
You hear a shout!
There is a stone staircase leading up here.
The death yak closely misses you. You furiously retaliate!
You headbutt the death yak, but do no damage.
The death yak gores you!!
You die...

##+## . ##..@##
.. ##...YY##
###...
##.......##......
#.........o......
+................
#..........o.....
##.......#.o....>
##.....##....#..
##...## ..#....


You could see 2 death yaks, 2 orc priests and an orc wizard.

Vanquished Creatures
  A two-headed ogre (D:5)
  A troll (D:6)
  A hornet (D:7)
  A wyvern (D:7)
  A steam dragon (D:6)
  Edmund (D:5)
  2 water moccasins
  A necrophage (D:6)
  A sky beast (D:8)
  A hornet zombie (D:6)
  An ogre (D:5)
  4 centaurs
  2 phantoms (D:5)
  5 scorpions
  A wyvern skeleton (D:7)
  7 wights (D:6)
  3 orc priests
  2 bullfrog skeletons (D:6)
  A centaur skeleton (D:6)
  A jelly (D:4)
  6 iguanas
  A hell rat (Sewer)
  An orc wizard (D:5)
  8 adders
  13 gnolls
  A river rat (Sewer)
  A white imp (D:7)
  2 ufetubi
  3 adder skeletons
  4 worms
  4 dart slugs
  19 orcs
  5 ball pythons
  5 endoplasms
  3 giant cockroaches
  7 hobgoblins
  8 jackals
  6 kobolds
  6 quokkas
  10 bats
  5 frilled lizards
  8 goblins
  12 rats
176 creatures vanquished.

Notes
Turn   | Place    | Note
-------+----------+-------------------------------------------
     0 | D:1      | cbfl8 the Minotaur Berserker began the quest for the Orb.
     0 | D:1      | Reached XP level 1. HP: 19/19 MP: 0/0
   139 | D:1      | Reached XP level 2. HP: 27/27 MP: 1/1
   597 | D:1      | Reached ** piety under Trog
   616 | D:1      | Reached XP level 3. HP: 33/33 MP: 2/2
   945 | D:1      | Reached skill level 1 in Evocations
  1183 | D:2      | Reached skill level 3 in Armour
  1267 | D:2      | Reached XP level 4. HP: 39/41 MP: 3/3
  1323 | D:2      | Found a faded altar of an unknown god.
  2150 | D:3      | Found a shimmering blue altar of Sif Muna.
  2167 | D:3      | Reached *** piety under Trog
  2168 | D:3      | Reached skill level 5 in Axes
  2456 | D:3      | Reached XP level 5. HP: 47/47 MP: 4/4
  2638 | D:3      | Reached skill level 4 in Armour
  3324 | D:4      | Noticed a water moccasin
  3332 | D:4      | Killed a water moccasin
  3333 | D:4      | Reached XP level 6. HP: 55/55 MP: 5/5
  3599 | D:4      | Reached skill level 5 in Fighting
  3815 | D:4      | Found Ryheh's Distillery.
  3823 | D:4      | Bought a potion of might for 40 gold pieces
  3823 | D:4      | Bought a potion of curing for 30 gold pieces
  3847 | D:4      | Reached skill level 1 in Shields
  4197 | D:5      | Entered Level 5 of the Dungeon
  4217 | D:5      | Reached skill level 5 in Armour
  4294 | D:5      | Found a staircase to the Ecumenical Temple.
  4306 | D:5      | Reached XP level 7. HP: 38/61 MP: 6/6
  4697 | D:5      | Noticed Edmund
  4705 | D:5      | Killed Edmund
  5014 | D:5      | Reached skill level 6 in Armour
  5549 | D:5      | Reached XP level 8. HP: 67/69 MP: 7/7
  5838 | D:5      | Noticed a two-headed ogre
  5846 | D:5      | Killed a two-headed ogre
  5847 | D:5      | Reached skill level 7 in Armour
  6180 | D:5      | Reached skill level 8 in Armour
  6578 | D:6      | Reached XP level 9. HP: 49/77 MP: 8/8
  6630 | D:6      | Found a glowing drain.
  6634 | Sewer    | Entered a sewer
  7359 | D:6      | Reached **** piety under Trog
  7407 | D:6      | Reached skill level 5 in Evocations
  7989 | D:6      | Noticed a troll
  7998 | D:6      | Killed a troll
  7999 | D:6      | Reached skill level 9 in Armour
  9393 | D:7      | Found a shimmering altar of Xom.
  9395 | D:7      | Found a shimmering altar of Xom.
  9395 | D:7      | Found a shimmering altar of Xom.
 10115 | D:7      | Found a shimmering altar of Xom.
 10115 | D:7      | Found a shimmering altar of Xom.
 10117 | D:7      | Found a shimmering altar of Xom.
 10393 | D:8      | Reached skill level 10 in Armour
 10489 | D:8      | Noticed a death yak
 10491 | D:8      | Noticed a death yak
 10492 | D:8      | Found a staircase to the Lair.
 10498 | D:8      | Slain by a death yak

Illustrated notes

Levels and vault maps discovered:
D:1:      minmay_arrival_jagged, layout_loops_corners
D:2:      layout_basic, hellmonk_ecumenical_altar_blasted
D:3:      layout_basic, nicolae_sif_muna_condensation
D:4:      layout_rooms, serial_shops, nicolae_diamond_shop
D:5:      layout_loops_ring, minmay_temple_entry_wispy, uniq_edmund
D:6:      layout_layer_cave, gup_sewer_entry_bowl
D:7:      layout_loops_ring, xom_shifter_show, kennysheep_flooded_box
D:8:      layout_loops_corners, dpeg_lair_monsters, minmay_misc_feat_chi,
          hangedman_abyss_or_decor_passed, uniq_harold

Skill      XL: |  1  2  3  4  5  6  7  8  9 |
---------------+----------------------------+-----
Axes           | 4 5 6 7 8 9 |  9.9
Fighting       | 4 5 6 7 |  7.6
Evocations     | 1 2 3 4 5 |  5.6
Armour         | 3 4 5 6 8 10 | 10.0
Shields        | 1 2 3 |  3.4
Dodging        | |  2.1

Action                   |  1- 3 |  4- 6 |  7- 9 || total
-------------------------+-------+-------+-------++-------
Melee: Hand axe          |    94 |   158 |   323 ||   575
       Headbutt          |    14 |    33 |    77 ||   124
       Punch             |       |     1 |       ||     1
Invok: Berserk           |       |     2 |     7 ||     9
       Trog's Hand       |       |       |     2 ||     2
Evoke: Wand              |       |       |     2 ||     2
  Use: Scroll            |       |     6 |     1 ||     7
 Stab: Sleeping          |       |       |     1 ||     1
Armor: Ring mail         |    22 |       |       ||    22
       Scale mail        |    10 |     4 |       ||    14
       Chain mail        |       |    89 |   141 ||   230
Dodge: Dodged            |    56 |    69 |    99 ||   224
Block: Buckler           |       |    18 |    68 ||    86
